 Dungeon Crawl Stone Soup version 0.20.1-1-g8b1a95d (webtiles) character file.

221 Ymberti the Skirmisher (level 5, 0/42 HPs)
             Began as a Hill Orc Fighter on Oct 3, 2017.
             Slain by a gnoll
             ... wielding a +0 club
              (4 damage)
             ... on level 4 of the Dungeon.
             The game lasted 00:06:01 (2370 turns).

Ymberti the Skirmisher (Hill Orc Fighter)           Turns: 2370, Time: 00:06:01

Health: 0/42       AC: 10    Str: 19    XL:     5   Next: 98%
Magic:  5/5        EV:  5    Int:  8    God:
Gold:   136        SH:  9    Dex: 11    Spells: 4/4 levels left

rFire    . . .     SeeInvis .   a - +0 long sword
rCold    . . .     Gourm    .   c - +0 shield
rNeg     . . .     Faith    .   s - +0 chain mail
rPois    .         Spirit   .   (no helmet)
rElec    .         Reflect  .   q - +0 cloak (curse)
rCorr    .         Harm     .   (no gloves)
MR       .....                  (no boots)
Stlth    ..........             (no amulet)
Regen    0.2/turn               (no ring)
MPRegen  0.1/turn               (no ring)

@: no status effects
A: frail 1, sense surroundings 1
a: no special abilities


You were on level 4 of the Dungeon.
You were not hungry.

You visited 1 branch of the dungeon, and saw 4 of its levels.

You collected 136 gold pieces.

Inventory:

Hand Weapons
 a - a +0 long sword (weapon)
Armour
 c - a +0 shield (worn)
 q - a cursed +0 cloak (worn)
 s - a +0 chain mail (worn)
Scrolls
 g - a scroll of remove curse {unknown}
 i - a scroll of immolation {unknown}
 j - a scroll of fear {unknown}
 k - 2 scrolls of amnesia {unknown}
 p - 3 scrolls of identify {unknown}
Potions
 d - a potion of might
 e - a potion of flight {unknown}
 l - a potion of haste {unknown}
 m - a potion of heal wounds {unknown}
 n - a potion of magic {unknown}
 r - a potion of brilliance {unknown}
Comestibles
 f - 3 bread rations
 o - 2 meat rations


   Skills:
 + Level 4.5 Fighting
 + Level 4.4 Long Blades
 + Level 4.3 Armour
 + Level 0.2 Dodging
 + Level 4.2 Shields


You had 4 spell levels left.
You didn't know any spells.

Dungeon Overview and Level Annotations

Branches:
Dungeon (4/15)
 Temple: D:4-7

Altars:
Trog


Innate Abilities, Weirdness & Mutations

You are frail. (-10% HP)
You passively map a small area around you.


Message History

You block the gnoll's attack. The gnoll hits you but does no damage.
You hit the gnoll.
The gnoll is moderately wounded.
The gnoll hits you but does no damage.
You hit the gnoll.
The gnoll is heavily wounded.
The gnoll hits you but does no damage.
You hit the gnoll.
The gnoll is severely wounded.
You block the gnoll's attack.
You hit the gnoll.
The gnoll is almost dead.
The gnoll hits you but does no damage.
Your chain mail prevents you from hitting the gnoll.
The gnoll is almost dead.
You block the gnoll's attack.
You barely miss the gnoll.
The gnoll is almost dead.
The gnoll hits you with a club.
You die...

#.#......# #. #........# #.
#........# #. #).......# #.
* ** ### #........###. *,
>.####............
**#.#...........####
#.#.####..........
#@#.#......#######
#g#.#..........
############g......#...###,
................####...# *
* ,
.....................>.# *
######################.# ,
.# , ,#


You could see 2 gnolls.

Vanquished Creatures
  A worker ant (D:4)
  5 gnolls
  4 adders
  2 oozes
  5 worms
  A dart slug (D:1)
  9 orcs
  2 ball pythons
  5 giant cockroaches
  9 goblins
  6 hobgoblins
  11 jackals
  7 bats
  3 frilled lizards
  3 kobolds
  12 rats
85 creatures vanquished.

Notes
Turn   | Place    | Note
-------+----------+-------------------------------------------
     0 | D:1      | Ymberti the Hill Orc Fighter began the quest for the Orb.
     0 | D:1      | Reached XP level 1. HP: 19/19 MP: 1/1
   107 | D:1      | Reached XP level 2. HP: 16/27 MP: 2/2
   220 | D:1      | Reached XP level 3. HP: 20/33 MP: 3/3
   673 | D:2      | Reached XP level 4. HP: 37/40 MP: 4/4
  1190 | D:2      | Reached XP level 5. HP: 24/46 MP: 5/5
  1539 | D:3      | Gained mutation: You are frail. (-10% HP) [potion of mutation]
  1539 | D:3      | Gained mutation: You passively map a small area around you. [potion of mutation]
  1921 | D:3      | Found a bloodstained altar of Trog.
  2359 | D:4      | HP: 2/42 [gnoll/club (4)]
  2370 | D:4      | Slain by a gnoll

Skill      XL: |  1  2  3  4  5 |
---------------+----------------+-----
Armour         | 4 |  4.3
Fighting       | 4 |  4.5
Shields        | 4 |  4.2
Long Blades    | 3 4 |  4.4
Dodging        | |  0.2

Action                   |  1- 3 |  4- 6 || total
-------------------------+-------+-------++-------
Melee: Long sword        |   109 |   197 ||   306
  Use: Potion            |       |     4 ||     4
  Eat: Chunk             |       |     2 ||     2
       Bread ration      |       |     1 ||     1
       Royal jelly       |       |     1 ||     1
Armor: Scale mail        |    68 |    88 ||   156
       Skin              |       |    38 ||    38
       Chain mail        |       |    24 ||    24
Dodge: Dodged            |    40 |    48 ||    88
Block: Shield            |    68 |   162 ||   230
       Rpst.: Long sword |     8 |    14 ||    22
